 Dungeon Crawl Stone Soup version 0.31-a0-115-g4708a659fe (webtiles) character file.

Game seed: 6489756614484953129

109 Elsrick the Cudgeller (level 5, -8/46 HPs)
             Began as a Meteoran Monk on May 30, 2023.
             Killed from afar by Ijyb (16 damage)
             ... with a bolt of dispelling energy
             ... on level 3 of the Dungeon.
             The game lasted 00:06:19 (1157 turns).

Elsrick the Cudgeller (Meteoran Monk)               Turns: 1157, Time: 00:06:20

Health: -8/46      AC:  9    Str: 12    XL:     5   Next: 36%
Magic:  6/6        EV: 14    Int: 12    God:
Gold:   100        SH:  0    Dex: 18    Spells: 4/4 levels left

rFire   x . .        q - +1 flail (protect)
rCold   + . .        d - orb {light}
rNeg    . . .        b - +0 robe
rPois   .            (no helmet)
rElec   .            (no cloak)
rCorr   .            (no gloves)
SInv    .            (no boots)
Will    .....        (no amulet)
Stlth   +            f - ring of ice
HPRegen 0.27/turn    (no ring)
MPRegen 0.10/turn

%: no passive effects
@: under a protective aura, glowing
A: sense surroundings 1, otherworldly, glowing, explore regen
a: no special abilities


You were on level 3 of the Dungeon.
You visited 1 branch of the dungeon, and saw 3 of its levels.

You collected 100 gold pieces.

Inventory:

Hand Weapons
 a - a +0 mace
 q - a +1 flail of protection (weapon)
Missiles
 m - 3 poisoned darts (quivered)
Armour
 b - a +0 robe (worn)
 d - an orb of light (worn)
Jewellery
 f - a ring of ice (left hand)
Scrolls
 e - a scroll of teleportation {unknown}
 i - a scroll of immolation {unknown}
 j - a scroll of vulnerability {unknown}
 k - a scroll of magic mapping {unknown}
 o - a scroll of identify {unknown}
 p - a scroll of acquirement {unknown}
Potions
 c - a potion of ambrosia
 g - a potion of heal wounds
 h - a potion of lignification {unknown}
 l - 2 potions of degeneration {unknown}
 n - a potion of haste {unknown}


   Skills:
 + Level 4.1 Fighting
 + Level 5.7 Maces & Flails
 + Level 4.5 Dodging


You had 4 spell levels left.
You didn't know any spells.
Your spell library contained the following spells:

 Spells                   Type           Power      Damage    Failure   Level
 Sting                    Tmut/Pois      0%         1d3       32%         1
 Poisonous Vapours        Pois/Air       0%         N/A       45%         2
 Call Canine Familiar     Summ           0%         N/A       69%         3
 Portal Projectile        Hex/Tloc       0%         N/A       69%         3
 Leda's Liquefaction      Hex/Erth       0%         N/A       97%         4
 Olgreb's Toxic Radiance  Pois           0%         N/A       97%         4


Dungeon Overview and Level Annotations

Branches:
Dungeon (3/15) Zot: 620

Altars:

Annotations:
D:3 Ijyb


Innate Abilities, Weirdness & Mutations

You passively map a small area around you.
You are easily found by Zot.
You glow in the dark.
You regain HP and MP as you explore.


Message History

You throw a poisoned dart. The poisoned dart hits Ijyb.
Ijyb is poisoned.
Ijyb is moderately wounded.
You hit Ijyb.
Ijyb is moderately wounded.
Ijyb zaps a wand.
The bolt of dispelling energy hits you. Ijyb hits you but does no damage.
You hit Ijyb but do no damage.
Ijyb is moderately wounded.
Ijyb hits you but does no damage.
You sock Ijyb!
Ijyb is heavily wounded.
Ijyb drinks a potion.
Ijyb is healed!
You hit Ijyb.
Ijyb is lightly wounded.
Ijyb hits you but does no damage.
You barely miss Ijyb.
Ijyb is lightly wounded.
Ijyb barely misses you.
You hit Ijyb.
Ijyb is moderately wounded.
Ijyb hits you but does no damage.
You hit Ijyb but do no damage.
Ijyb is moderately wounded.
Ijyb zaps a wand.
The bolt of dispelling energy hits you!
You sock Ijyb!
Ijyb is heavily wounded.
Ijyb hits you but does no damage.
You hit Ijyb.
Ijyb is severely wounded.
Ijyb looks more healthy.
Ijyb zaps a wand.
The bolt of dispelling energy hits you!
You hit Ijyb.
Ijyb is severely wounded.
Ijyb closely misses you.
You completely miss Ijyb.
Ijyb is severely wounded.
Ijyb zaps a wand.
The bolt of dispelling energy hits you!
* * * LOW HITPOINT WARNING * * *
Ijyb zaps a wand.
The bolt of dispelling energy hits you!
You die...

, , * ** ...#. , *
, , , , ...... ,
....... , , ,
,.......* , +* ,
,, .......## ,,, ,
........##
.........####
######+#
......#.(g@.###
#.......
......'..##...####
#.......
......##.###.....#
#....... , .....
,.##
#.....###.......
...( ,..
#.....#....###+# ,
..., ...
#.....#....# ..
,..##*
#.....)[..## ,
.,<... #.....#...#
, , , #.....#...#
, *


You could see Ijyb.

Vanquished Creatures
  An orc wizard (D:3)
  An adder (D:2)
  A gnoll (D:1)
  3 worms (D:2)
  A dart slug (D:1)
  2 orcs (D:3)
  2 ball pythons
  9 bats
  5 endoplasms
  2 giant cockroaches (D:1)
  7 goblins
  3 hobgoblins
  A jackal (D:1)
  4 quokkas
  A frilled lizard (D:1)
  7 kobolds
  A rat (D:2)
51 creatures vanquished.

Notes
Turn   | Place    | Note
-------+----------+-------------------------------------------
     0 | D:1      | Elsrick the Meteoran Monk began the quest for the Orb.
     0 | D:1      | Reached XP level 1. HP: 19/19 MP: 2/2
    40 | D:1      | Reached XP level 2. HP: 20/26 MP: 3/3
   181 | D:1      | Reached XP level 3. HP: 31/31 MP: 4/4
   312 | D:1      | Found a faded altar of an unknown god.
   408 | D:1      | Reached XP level 4. HP: 40/40 MP: 5/5
   488 | D:1      | Glimpsed the power of Zot.
   643 | D:2      | Reached skill level 5 in Maces & Flails
  1012 | D:3      | Reached XP level 5. HP: 15/46 MP: 6/6
  1015 | D:3      | HP: 2/46 [orc/+0 flail (6)]
  1135 | D:3      | Noticed Ijyb
  1157 | D:3      | Killed from afar by Ijyb

Illustrated notes

Levels and vault maps discovered:
D:1:      dpeg_arrival_chambers_temple_mockup, layout_basic,
          dreamdust_ecumenical_altar_angels_and_demons, minmay_octomino_c4
D:2:      minmay_spotlight, layout_loops_ring, serial_shops,
          nicolae_shop_gibbet_a_chance, kennysheep_boxes
D:3:      layout_basic, grunt_gozag_breadcrumbs, minitemple, uniq_ijyb

Skill      XL: |  1  2  3  4 |
---------------+-------------+-----
Dodging        | 4 |  4.5
Maces & Flails | 5 |  5.7
Fighting       | 4 |  4.1

Action                     |  1- 3 |  4- 6 || total
---------------------------+-------+-------++-------
  Melee: Mace              |    63 |    77 ||   140
         Flail             |       |    13 ||    13
  Throw: Dart              |       |     4 ||     4
 Armour: Robe              |    26 |    19 ||    45
  Dodge: Dodged            |    40 |    55 ||    95

Table legend: (Time is in decaauts)
 A = Elapsed time spent in this place.
 B = Non-inter-level travel time spent in this place.
 C = Inter-level travel time spent in this place.
 D = Time resting spent in this place.
 E = Time spent auto-exploring this place.
 F = Levels seen in this place.
 G = Mean time per level.
                   A        B        C        D        E       F      G
               +--------+--------+--------+--------+--------+-----+--------+
         Total |   1178 |   1112 |     66 |    194 |    190 |   3 |  392.7 |
       Dungeon |   1178 |   1112 |     66 |    194 |    190 |   3 |  392.7 |
               +--------+--------+--------+--------+--------+-----+--------+

Top non-repeatable levels by time:
     D:1: 511 daAuts
     D:2: 446 daAuts
     D:3: 220 daAuts
